 Dungeon Crawl Stone Soup version 0.29-a0-72-g1732ff48e7 (webtiles) character file.

Game seed: 7654247197046710079

1700 tatocazan the Slasher (level 9, 0/69 HPs)
             Began as a Formicid Fighter on Feb 3, 2022.
             Was a Follower of the Shining One.
             Slain by a two-headed ogre (14 damage)
             ... on level 9 of the Dungeon.
             The game lasted 00:12:51 (9210 turns).

tatocazan the Slasher (Formicid Fighter)            Turns: 9210, Time: 00:12:51

Health: 0/69       AC: 17    Str: 30 (31) XL:     9   Next: 23%
Magic:  11/11      EV:  6    Int:  6 (8)  God:    the Shining One [*.....]
Gold:   185        SH:  0    Dex:  8 (10) Spells: 8/8 levels left

rFire   . . .      SeeInvis +   a - +1 long sword
rCold   . . .      Faith    .   e - +0 kite shield
rNeg    . . .      Spirit   .   i - +1 plate armour
rPois   +          Reflect  .   (helmet unavailable)
rElec   .          Harm     .   (no cloak)
rCorr   .          Rampage  .   q - +2 pair of gloves
Will    .....                   (no boots)
Stlth   ..........              (no amulet)
HPRegen 0.21/turn               p - +6 ring of strength
MPRegen 0.12/turn               f - ring of poison resistance

@: confused, ambrosia-drunk, marked, glowing
A: permanent stasis, dig shafts and tunnels, antennae 3, four strong arms
a: Dig, Shaft Self, Renounce Religion, Divine Shield


You were on level 9 of the Dungeon.
You worshipped the Shining One.
The Shining One was aware of your devotion.
You visited 1 branch of the dungeon, and saw 8 of its levels.

You collected 239 gold pieces.
You spent 54 gold pieces at shops.

Inventory:

Hand Weapons
 a - a +1 long sword (weapon)
Armour
 e - a +0 kite shield (worn)
 i - a +1 plate armour (worn)
 q - a +2 pair of gloves (worn)
Jewellery
 f - a ring of poison resistance (right hand)
 n - a ring of ice
 o - a ring of wizardry
 p - a +6 ring of strength (left hand)
 s - a ring of resist corrosion
Wands
 b - a wand of iceblast (25)
Scrolls
 c - 4 scrolls of identify
 d - a scroll of fear
 h - a scroll of magic mapping
Potions
 g - a potion of might
 k - 6 potions of curing
 m - 2 potions of magic


   Skills:
 + Level 6.3 Fighting
 * Level 7.2 Long Blades
 + Level 6.4 Armour
 + Level 6.0 Shields
 + Level 3.5 Invocations


You had 8 spell levels left.
You didn't know any spells.
Your spell library contained the following spells:

 Spells                   Type           Power      Damage    Failure   Level
 Sting                    Tmut/Pois      0%         1d3       100%        1
 Gell's Gravitas          Tloc           0%         N/A       100%        3
 Lesser Beckoning         Tloc           0%         N/A       100%        3
 Teleport Other           Tloc           0%         N/A       100%        3


Dungeon Overview and Level Annotations

Branches:
Dungeon (7/15)             Temple (0/1) D:5

Altars:
Gozag
Qazlal
Uskayaw
Xom
The Shining One

Shops:
D:1 [   D:4 [   D:7 (

Annotations:
D:2 1 runed translucent door, Crazy Yiuf
D:4 Duvessa
D:5 1 runed translucent door, Theoretic's ghost, novice PaBe


Innate Abilities, Weirdness & Mutations

You cannot be hasted, slowed, berserked, paralysed or teleported.
You can dig through walls and to a lower floor.
You have a pair of large antennae on your head. (SInv)
Your four strong arms can wield two-handed weapons with a shield.


Message History

Found 18 gold pieces.
The killer bee stings you. You block the killer bee's attack. x2
You take 4 damage, and have 29/69 hp.
A black bear comes into view.
A sourceless malevolence fills the Dungeon...
With a horrendous wail, an alarm goes off!
A sentinel's mark forms upon you.
The black bear growls angrily.
You hear a bark!
You hear an angry hiss.
You block the killer bee's attack. The killer bee completely misses you.
The killer bee stings you but does no damage.
The killer bee closely misses you.
Are you sure you want to shaft yourself?
You block the killer bee's attack.
The killer bee stings you but does no damage.
The killer bee barely misses you.
You begin to dig a shaft.
You continue digging a shaft.
You block the killer bee's attack. x2
The killer bee stings you but does no damage.
A shaft appears beneath you!
You fall into a shaft and drop 2 floors!
The shaft crumbles and collapses.
The two-headed ogre shouts in stereo!
It was a potion of degeneration.
There was something very wrong with that liquid.
You feel weakened.
You feel dopey.
You feel clumsy.
It was a potion of ambrosia.
You are confused.
You feel invigorated.
You regained 4 hp, and now have 34/69 hp.
You regained 4 hp, and now have 38/69 hp.
The two-headed ogre barely misses you.
The two-headed ogre hits you with a +0 giant club.
You regained 3 hp, and now have 41/69 hp.
The two-headed ogre hits you with a +0 giant spiked club!
The two-headed ogre hits you with a +0 giant club!
You take 17 damage, and have 24/69 hp.
MASSIVE DAMAGE!!
The two-headed ogre hits you with a +0 giant spiked club!
* * * LOW HITPOINT WARNING * * *
The two-headed ogre hits you with a +0 giant club!
You die...

##+######
#.......#
#.......+
#.......#
#.......#
#....O..#
#....@..#
#.......#
#.......#
#########


You could see a two-headed ogre.

Vanquished Creatures
  Edmund (D:4)
  A water moccasin (D:5)
  A necrophage (D:5)
  A phantom (D:5)
  3 ogres
  A bullfrog (D:6)
  A scorpion (D:7)
  A water moccasin skeleton (D:5)
  Dowan (D:4)
  A killer bee (D:7)
  5 wights
  2 hounds (D:4)
  2 jellies
  2 orc priests
  2 centaur skeletons
  A bullfrog skeleton (D:6)
  2 iguanas (D:5)
  Robin (D:2)
  7 gnolls
  7 adders
  A shadow imp (D:6)
  2 adder skeletons (D:4)
  4 worms
  6 dart slugs
  7 orcs
  5 bats
  8 endoplasms
  A giant cockroach (D:3)
  11 hobgoblins
  6 jackals
  5 kobolds
  3 quokkas
  6 ball pythons
  3 frilled lizards
  15 goblins
  7 rats
133 creatures vanquished.

Notes
Turn   | Place    | Note
-------+----------+-------------------------------------------
     0 | D:1      | tatocazan the Formicid Fighter began the quest for the Orb.
     0 | D:1      | Reached XP level 1. HP: 18/18 MP: 1/1
    47 | D:1      | Found Ogoqueby's Armour Boutique.
   428 | D:1      | Reached XP level 2. HP: 22/24 MP: 2/2
   722 | D:1      | Found a faded altar of an unknown god.
   732 | D:1      | Got Plato's Catalogue of Contamination
   790 | D:1      | Reached XP level 3. HP: 27/29 MP: 3/3
  1445 | D:2      | Noticed Robin
  1449 | D:2      | Reached XP level 4. HP: 36/37 MP: 4/4
  1466 | D:2      | Reached skill level 3 in Long Blades
  1494 | D:2      | HP: 1/37 [Robin (4)]
  1495 | D:2      | Killed Robin
  1935 | D:2      | Found a runed translucent door.
  1936 | D:2      | Noticed Crazy Yiuf
  2414 | D:2      | Reached XP level 5. HP: 38/42 MP: 5/5
  2820 | D:3      | Found a stormy altar of Qazlal.
  3145 | D:3      | Found an opulent altar of Gozag.
  3886 | D:4      | Reached skill level 4 in Long Blades
  3886 | D:4      | Reached XP level 6. HP: 47/49 MP: 6/6
  4719 | D:4      | Found Baewau's Armour Boutique.
  4727 | D:4      | Bought a +0 kite shield for 54 gold pieces
  4852 | D:4      | Noticed Edmund
  4852 | D:4      | Noticed Duvessa
  4883 | D:4      | Killed Edmund
  4884 | D:4      | Reached XP level 7. HP: 16/55 MP: 7/7
  5365 | D:4      | Reached skill level 5 in Long Blades
  5365 | D:4      | Reached skill level 5 in Armour
  5572 | D:4      | Reached skill level 5 in Fighting
  5596 | D:4      | Noticed Dowan
  5602 | D:4      | Killed Dowan
  5610 | D:4      | HP: 2/40 [Duvessa (1)]
  5611 | D:4      | You fall into a shaft and drop 1 floor!
  5611 | D:5      | Entered Level 5 of the Dungeon
  6026 | D:5      | Found a hide-covered altar of Uskayaw.
  6380 | D:5      | You fall into a shaft and drop 1 floor!
  6764 | D:6      | Found a glowing golden altar of the Shining One.
  6767 | D:6      | Became a worshipper of the Shining One
  6918 | D:6      | Reached skill level 1 in Invocations
  6918 | D:6      | Reached XP level 8. HP: 43/49 MP: 8/8
  7000 | D:6      | Found a shimmering altar of Xom.
  7149 | D:5      | Reached skill level 6 in Long Blades
  7149 | D:5      | Reached skill level 5 in Shields
  7373 | D:5      | Found a staircase to the Ecumenical Temple.
  7468 | D:5      | Found a runed translucent door.
  7473 | D:5      | Noticed Theoretic's ghost (novice PaBe)
  8366 | D:4      | Reached * piety under the Shining One
  8379 | D:5      | Reached XP level 9. HP: 42/69 MP: 11/11
  8686 | D:6      | Reached skill level 7 in Long Blades
  9194 | D:7      | Found Weepsut's Weapon Boutique.
  9202 | D:7      | You fall into a shaft and drop 2 floors!
  9202 | D:9      | Noticed a two-headed ogre
  9210 | D:9      | Slain by a two-headed ogre

Illustrated notes

Levels and vault maps discovered:
D:1:      lightli_arrival_statuegarden, layout_loops_ring, serial_shops,
          nicolae_shop_behind_doors, shapermc_ecumenical_altar_rom_forum,
          chequers_serial_rivers_large_a
D:2:      layout_rooms, chequers_serial_rivers_marsh, nicolae_wormholes,
          uniq_robin, uniq_crazy_yiuf_cottage
D:3:      layout_rooms, mainiacjoe_overflow_catch_the_wave
D:4:      layout_basic, serial_shops, nicolae_stop_n_shop_1, fountainhead,
          st_stairs_2, chequers_mini_garden, uniq_edmund, uniq_duvessa
D:5:      layout_gridville, mainiacjoe_overflow_six_doors_small,
          minmay_temple_entry_fiery, ebering_ghost_sewer_d
D:6:      layout_rooms, lemuel_crystal_altar, tso_oasis_becter,
          chequers_arboretum, nicolae_benzene_ring
D:7:      layout_basic, lemuel_coloured_pillars_altar,
          grunt_dithmenos_smoke_and_mirrors, enter_ossuary_3, serial_shops,
          nicolae_shop_bloodbath_and_beyond, nicolae_lakefront_shop,
          nicolae_shop_stone, nicolae_shop_temple_entry_statues_fountains,
          nicolae_shop_crystal, nicolae_specific_store
D:9:      layout_roguey, david_orc_4, gammafunk_ghost_smash, uniq_harold

Skill      XL: |  1  2  3  4  5  6  7  8  9 |
---------------+----------------------------+-----
Long Blades    | 3 4 5 6 7 |  7.2
Fighting       | 4 5 6 |  6.3
Armour         | 4 5 6 |  6.4
Shields        | 4 5 6 |  6.0
Invocations    | 1 3 |  3.5

Action                   |  1- 3 |  4- 6 |  7- 9 || total
-------------------------+-------+-------+-------++-------
Melee: Long sword        |   110 |   211 |   156 ||   477
 Abil: Dig               |     1 |       |     3 ||     4
       Shaft Self        |       |       |     3 ||     3
  Use: Scroll            |       |     5 |     4 ||     9
       Potion            |       |     3 |     3 ||     6
Armor: Scale mail        |    42 |       |       ||    42
       Plate armour      |    23 |   169 |   124 ||   316
       Skin              |       |     3 |       ||     3
Dodge: Dodged            |    61 |    85 |    61 ||   207
Block: Buckler           |    34 |    45 |       ||    79
       Kite shield       |       |     3 |    94 ||    97

Table legend: (Time is in decaauts)
 A = Elapsed time spent in this place.
 B = Non-inter-level travel time spent in this place.
 C = Inter-level travel time spent in this place.
 D = Time resting spent in this place.
 E = Time spent auto-exploring this place.
 F = Levels seen in this place.
 G = Mean time per level.
                   A        B        C        D        E       F      G
               +--------+--------+--------+--------+--------+-----+--------+
         Total |   9355 |   9189 |    166 |   3652 |   4162 |   8 | 1169.4 |
       Dungeon |   9355 |   9189 |    166 |   3652 |   4162 |   8 | 1169.4 |
               +--------+--------+--------+--------+--------+-----+--------+

Top non-repeatable levels by time:
     D:5: 2310 daAuts
     D:2: 1745 daAuts
     D:4: 1514 daAuts
     D:1: 1260 daAuts
     D:3: 1213 daAuts
     D:6: 1040 daAuts
     D:7: 264 daAuts
     D:9: 7 daAuts
